 Dungeon Crawl Stone Soup version 0.29.1-15-g9cfb28693d (webtiles) character file.

Game seed: 3327533264006966691

14230 Arctor the Thaumaturge (level 11, -19/51 (60) HPs)
             Began as a Deep Elf Fire Elementalist on Feb 26, 2023.
             Was an Elder of Sif Muna.
             Killed from afar by Nergalle (48 damage)
             ... with a bolt of negative energy
             ... on level 2 of the Lair of Beasts.
             The game lasted 00:29:39 (17920 turns).

Arctor the Thaumaturge (DEFE)                      Turns: 17920, Time: 00:29:40

HP:   -19/51 (60)   AC:  8    Str: 11    XL:     11   Next: 86%
MP:   11/27         EV: 17    Int: 30    God:    Sif Muna [****..]
Gold: 675           SH: 14    Dex: 21    Spells: 8/30 levels left

rFire   + . .      SeeInvis +   K - staff of fire
rCold   + . .      Faith    +   j - +3 kite shield "Azicowonn" {rC+ Int+2 SInv}
rNeg    . . .      Spirit   .   y - +2 robe "Oschilug" {Will+ Int+3}
rPois   .          Reflect  .   (no helmet)
rElec   .          Harm     .   J - +0 cloak
rCorr   .          Rampage  .   G - +2 pair of gloves
Will    ++...                   (no boots)
Stlth   +++++.....              s - amulet of faith
HPRegen 0.17/turn               e - +6 ring of dexterity
MPRegen 0.20/turn               E - +6 ring of strength

@: heavily drained
A: no striking features
a: Renounce Religion, Channel Magic, Forget Spell, Divine Exegesis


You were on level 2 of the Lair of Beasts.
You worshipped Sif Muna.
Sif Muna was greatly pleased with you.
You visited 3 branches of the dungeon, and saw 15 of its levels.

You collected 675 gold pieces.

Inventory:

Hand Weapons
 d - a +2 long sword of electrocution
Missiles
 F - 2 throwing nets
Armour
 a - a +0 robe
 j - the +3 kite shield "Azicowonn" (worn) {rC+ Int+2 SInv}
   (You found it on level 2 of the Dungeon)

   Int:       It affects your intelligence (+2).
   rC:        It protects you from cold.
   SInv:      It lets you see invisible.
 y - the +2 robe "Oschilug" (worn) {Will+ Int+3}
   (You found it on level 8 of the Dungeon)

   Int:       It affects your intelligence (+3).
   Will:      It increases your willpower.
 G - a +2 pair of gloves (worn)
 J - a +0 cloak (worn)
Magical Staves
 K - a staff of fire (weapon)
Jewellery
 c - a ring of fire
 e - a +6 ring of dexterity (left hand)
 m - a ring of fire
 s - an amulet of faith (around neck)
 B - a ring of flight
 E - a +6 ring of strength (right hand)
 L - an amulet of reflection
Wands
 h - a wand of roots (8)
 i - a wand of polymorph (1)
 n - a wand of mindburst (8)
 w - a wand of paralysis (13)
Scrolls
 f - 6 scrolls of teleportation
 k - 2 scrolls of blinking
 l - 2 scrolls of amnesia
 o - 5 scrolls of magic mapping
 q - 3 scrolls of vulnerability
 r - 2 scrolls of noise
 t - a scroll of fear
 v - a scroll of enchant weapon
 x - 5 scrolls of identify
 A - 2 scrolls of brand weapon {unknown}
 I - 2 scrolls of enchant armour {unknown}
 M - a scroll of butterflies {unknown}
Potions
 b - a potion of magic
 g - a potion of lignification {unknown}
 p - a potion of cancellation {unknown}
 u - a potion of haste {unknown}
 z - a potion of heal wounds {unknown}
 C - a potion of resistance {unknown}
 D - a potion of flight
 H - a potion of brilliance {unknown}


   Skills:
 - Level 3.6 Fighting
 - Level 9.1 Dodging
 - Level 9.7 Stealth
 - Level 4.6 Shields
 + Level 10.4 Spellcasting
 + Level 8.3 Conjurations
 + Level 9.0 Fire Magic
 + Level 3.7 Air Magic
 + Level 5.8 Invocations


You had 8 spell levels left.
You knew the following spells:

 Your Spells              Type           Power      Damage    Failure   Level
a - Foxfire               Conj/Fire      100%       2x1d9     1%          1
b - Scorch                Fire           100%       2d10      1%          2
c - Flame Wave            Conj/Fire      80%        2d17      2%          4
d - Conjure Flame         Conj/Fire      80%        6-21      1%          3
e - Lightning Bolt        Conj/Air       25%        1d41      22%         5
f - Airstrike             Air            19%        2d(3-19)  21%         4
g - Swiftness             Air            38%        N/A       6%          3

Your spell library contained the following spells:

 Spells                   Type           Power      Damage    Failure   Level
 Magic Dart               Conj           100%       1d8       1%          1
 Shock                    Conj/Air       100%       1d9       1%          1
 Inner Flame              Hex/Fire       59%        N/A       4%          3
 Mephitic Cloud           Conj/Pois/Air  39%        N/A       5%          3
 Ignite Poison            Fire/Tmut/Pois 50%        N/A       9%          3
 Freeze                   Ice            60%        1d8       10%         1
 Call Imp                 Summ           15%        N/A       14%         2
 Hailstorm                Conj/Ice       40%        3d10      17%         4
 Frozen Ramparts          Ice            30%        1d5       28%         3
 Gell's Gravitas          Tloc           15%        N/A       28%         3
 Lesser Beckoning         Tloc           15%        N/A       28%         3
 Teleport Other           Tloc           15%        N/A       28%         3
 Summon Lightning Spire   Summ/Air       26%        N/A       41%         4
 Freezing Cloud           Conj/Ice/Air   19%        6-21      45%         5
 Cause Fear               Hex            7%         N/A       67%         4
 Ice Form                 Ice/Tmut       15%        N/A       67%         4
 Summon Ice Beast         Ice/Summ       15%        N/A       67%         4
 Discord                  Hex            7%         N/A       100%        8


Dungeon Overview and Level Annotations

Branches:
Dungeon (12/15)            Temple (1/1) D:6            Lair (2/5) D:10
 Spider (0/4) Lair:2          Orc (0/2) D:12
  Swamp: Lair:2-3    Shoals: Lair:2-3

Altars:
Ashenzari
Cheibriados
Dithmenos
Elyvilon
Fedhas
Gozag
Hepliaklqana
Kikubaaqudgha
Makhleb
Nemelex Xobeh
Okawaru
Qazlal
Ru
Sif Muna
Trog
Uskayaw
Vehumet
Wu Jian
Xom
Yredelemnul
Zin
The Shining One

Shops:
D:1 [   D:8 [*

Annotations:
D:4 3 runed translucent doors, ChiefBigBeans's ghost, amateur MiHu
D:8 Amaemon
D:11 Fannar
Lair:2 Nergalle


Message History

Casting: Airstrike (dangerous; 21% risk of failure)
Confirm with . or Enter, or press ? or * to list all spells.
Aiming: Airstrike (dangerous; 21% risk of failure)
Press: ? - help, Dir - move target, f/p - Nergalle
Aim: Nergalle, wielding a +4 dagger of flaming and wearing a +0 robe (moderately wounded, ally target, empty space bonus: 3/8)
The air twists around and strikes Nergalle!
Nergalle is heavily wounded.
The foxfire hits Nergalle but does no damage.
Nergalle is heavily wounded.
Nergalle casts a spell at you. The bolt of negative energy hits you!!
You feel drained.
Ouch! That really hurt!
Casting: Airstrike (quite dangerous; 21% risk of failure)
Confirm with . or Enter, or press ? or * to list all spells.
The spell is quite dangerous to miscast (21% risk of failure)!
Continue anyway? [Y]es or [N]o only, please.
The spell is quite dangerous to miscast (21% risk of failure)!
Continue anyway?
Okay, then.
Casting: Airstrike (quite dangerous; 21% risk of failure)
Confirm with . or Enter, or press ? or * to list all spells.
Okay, then.
Casting: Airstrike (quite dangerous; 21% risk of failure)
Confirm with . or Enter, or press ? or * to list all spells.
You can't see any susceptible monsters within range! (Use Z to cast anyway.)
Casting: Airstrike (quite dangerous; 21% risk of failure)
Confirm with . or Enter, or press ? or * to list all spells.
You feel a surge of power!
Flames lash Nergalle but do no damage.
Casting: Scorch (safe; 1% risk of failure)
Confirm with . or Enter, or press ? or * to list all spells.
You feel a surge of power!
Flames lash Nergalle.
Nergalle is severely wounded.
Nergalle's fire resistance burns away.
Nergalle closely misses you.
Casting: Scorch (safe; 1% risk of failure)
Confirm with . or Enter, or press ? or * to list all spells.
You feel a surge of power!
Flames lash Nergalle.
Nergalle is burned terribly!
Nergalle is almost dead.
Nergalle gestures at you while chanting.
The bolt of negative energy hits you!!!
You feel drained.
Ouch! That really hurt!
You die...

### #.# . #.#####
.#####..##.###
..#.#........## ##
.#.#..........### #.#
................##..#
....................#.##
.......#........@.......
........#.......o..#.#..
........##.......#.# #
..........#......###
..............#...
..............###.ยง
.............P ..
............. #.
..........


You could see Nergalle (combustible).

Vanquished Creatures
  A wolf spider (D:11)
  An ugly thing (D:11)
  A manticore (D:11)
  An elephant (Lair:2)
  A black mamba (Lair:1)
  A cane toad (shapeshifter) (D:11)
  2 cane toads
  2 komodo dragons
  A rime drake (Lair:1)
  2 trolls
  Prince Ribbit (D:6)
  A hornet (D:9)
  8 slime creatures (D:12)
  A wraith (D:10)
  12 yaks
  5 wyverns
  6 water moccasins
  An acid dragon (D:10)
  3 black bears
  An ice beast (D:5)
  7 orc warriors
  2 ogres (D:6)
  6 wolves (Lair:1)
  A centaur (D:8)
  2 phantoms
  2 kobold brigands
  7 bullfrogs
  A necrophage (D:5)
  2 gnoll sergeants (D:9)
  5 scorpions
  5 wights
  17 killer bees
  5 howler monkeys
  4 orc priests
  3 hounds
  5 iguanas
  7 orc wizards
  Natasha (thrice) (D:3)
  17 gnolls
  9 adders
  A shadow imp (D:6)
  2 ufetubi
  4 worms
  A dart slug (D:1)
  33 orcs
  6 ball pythons
  7 endoplasms
  4 giant cockroaches
  8 hobgoblins
  10 jackals
  9 kobolds
  5 quokkas
  6 bats
  A frilled lizard (D:1)
  3 goblins
  5 rats
267 creatures vanquished.

Vanquished Creatures (collateral kills)
  A foxfire (Lair:2)
1 creature vanquished.

Vanquished Creatures (others)
  405 foxfires
  16 fungi
  30 plants
451 creatures vanquished.

Grand Total: 719 creatures vanquished

Notes
Turn   | Place    | Note
-------+----------+-------------------------------------------
     0 | D:1      | Arctor the Deep Elf Fire Elementalist began the quest for
                  | the Orb.
     0 | D:1      | Reached XP level 1. HP: 10/10 MP: 6/6
   278 | D:1      | Reached XP level 2. HP: 14/15 MP: 0/8
  1065 | D:1      | Reached XP level 3. HP: 17/19 MP: 9/9
  1290 | D:1      | Found Venihori's Antique Armour Shoppe.
  1526 | D:2      | Found a faded altar of an unknown god.
  1821 | D:2      | Identified the +3 kite shield "Azicowonn" {rC+ Int+2 SInv}
  1982 | D:2      | Found a shimmering altar of Xom.
  2065 | D:2      | Reached XP level 4. HP: 3/24 MP: 7/11
  2666 | D:3      | Noticed Natasha
  2673 | D:3      | Killed Natasha
  2827 | D:3      | Learned a level 2 spell: Scorch
  2833 | D:3      | Learned a level 4 spell: Flame Wave
  3016 | D:3      | Reached skill level 4 in Spellcasting
  3329 | D:3      | Noticed Natasha
  3333 | D:3      | Killed Natasha
  3334 | D:3      | Reached XP level 5. HP: 23/28 MP: 13/13
  3567 | D:3      | Reached skill level 1 in Shields
  3614 | D:3      | Noticed Natasha
  3619 | D:3      | Killed Natasha
  4032 | D:4      | Found a runed translucent gate.
  4032 | D:4      | Found a runed translucent gate.
  4034 | D:4      | Found a runed translucent gate.
  4035 | D:4      | Noticed ChiefBigBeans's ghost (amateur MiHu)
  4417 | D:4      | Reached XP level 6. HP: 33/33 MP: 6/14
  4647 | D:4      | Found a shadowy altar of Dithmenos.
  4688 | D:5      | Entered Level 5 of the Dungeon
  4688 | D:5      | Noticed a water moccasin
  4690 | D:5      | Noticed an ice beast
  4919 | D:4      | Found a broken altar of Ashenzari.
  4927 | D:4      | Found a burning altar of Makhleb.
  4977 | D:4      | Reached skill level 1 in Fighting
  5340 | D:5      | Noticed a water moccasin
  5349 | D:5      | Killed a water moccasin
  5350 | D:5      | Reached XP level 7. HP: 30/38 MP: 2/16
  5609 | D:5      | Reached skill level 5 in Spellcasting
  5652 | D:5      | Reached skill level 5 in Stealth
  5967 | D:5      | Reached skill level 5 in Fire Magic
  6112 | D:5      | Reached XP level 8. HP: 36/44 MP: 11/18
  6233 | D:5      | Reached skill level 5 in Dodging
  6400 | D:5      | Found a shimmering blue altar of Sif Muna.
  6926 | D:6      | Noticed Prince Ribbit
  6933 | D:6      | Killed Prince Ribbit
  6934 | D:6      | Reached skill level 6 in Spellcasting
  7018 | D:6      | Found a staircase to the Ecumenical Temple.
  7059 | Temple   | Entered the Ecumenical Temple
  7319 | D:5      | Became a worshipper of Sif Muna the Loreminder
  7819 | D:6      | Reached XP level 9. HP: 46/50 MP: 20/20
  7952 | D:7      | Found a white marble altar of Elyvilon.
  7960 | D:7      | Reached skill level 5 in Conjurations
  8124 | D:7      | Reached * piety under Sif Muna
  8505 | D:7      | Reached skill level 7 in Spellcasting
  9105 | D:8      | Found Fofipt's Antique Armour Boutique.
  9105 | D:8      | Found Waed's General Store.
  9682 | D:8      | Noticed a two-headed ogre
  9696 | D:7      | Learned a level 3 spell: Conjure Flame
  9950 | D:8      | Identified the +2 robe "Oschilug" {Will+ Int+3}
 10100 | D:8      | Found a radiant altar of Vehumet.
 10190 | D:8      | Noticed Amaemon
 10201 | D:9      | Reached skill level 1 in Invocations
 10203 | D:9      | Reached ** piety under Sif Muna
 10829 | D:9      | Reached XP level 10. HP: 55/56 MP: 11/23
 10960 | D:9      | Reached skill level 8 in Spellcasting
 11379 | D:10     | Entered Level 10 of the Dungeon
 12421 | D:9      | Reached *** piety under Sif Muna
 13285 | D:10     | Found a staircase to the Lair.
 13581 | D:10     | Found a hazy altar of Hepliaklqana.
 13651 | D:10     | Reached skill level 9 in Spellcasting
 13714 | D:10     | Found a glowing golden altar of the Shining One.
 14039 | D:11     | Noticed a cane toad
 14046 | D:11     | Learned a level 5 spell: Lightning Bolt
 14051 | D:11     | Noticed a manticore
 14052 | D:11     | Killed a cane toad
 14059 | D:11     | Killed a manticore
 14317 | D:12     | Found a staircase to the Orcish Mines.
 14402 | D:12     | Reached skill level 1 in Air Magic
 14407 | D:12     | Reached XP level 11. HP: 50/60 MP: 7/26
 14720 | D:12     | Noticed a deep elf pyromancer
 15101 | D:11     | Noticed a wolf spider
 15102 | D:11     | Noticed a death knight
 15324 | D:11     | Noticed a green ugly thing
 15329 | D:11     | Killed a green ugly thing
 15392 | D:11     | Killed a wolf spider
 15736 | D:11     | Noticed Fannar
 15771 | D:11     | Noticed an eight-headed hydra
 15983 | Lair:1   | Entered Level 1 of the Lair of Beasts
 15995 | Lair:1   | Reached skill level 5 in Invocations
 16440 | Lair:1   | Reached **** piety under Sif Muna
 16818 | Lair:1   | Reached skill level 10 in Spellcasting
 17830 | Lair:2   | Learned a level 4 spell: Airstrike
 17834 | Lair:2   | Learned a level 3 spell: Swiftness
 17885 | Lair:2   | Found a hole to the Spider Nest.
 17909 | Lair:2   | Noticed Nergalle
 17920 | Lair:2   | Killed from afar by Nergalle

Illustrated notes

Levels and vault maps discovered:
D:1:      onia_arrival_mini_spirals, layout_basic, serial_shops,
          nicolae_shop_hallway_plus, minmay_shallow_snake_nest
D:2:      layout_loops_ring, shapermc_ecumenical_altar_starsandcircs,
          basic_altar
D:3:      layout_loops_corners, serial_rivers, chequers_serial_rivers_small_3,
          chequers_serial_rivers_micro_d, chequers_serial_rivers_small_a,
          chequers_serial_rivers_micro_b, chequers_serial_rivers_micro_e,
          chequers_serial_rivers_room_a, uniq_natasha
D:4:      layout_rooms, grunt_dithmenos_smoke,
          mainiacjoe_overflow_catwalk_spiral, gammafunk_ghost_split
D:5:      layout_cave_pools, nicolae_sif_muna_condensation
D:6:      layout_rooms, minmay_temple_entry_junction, minmay_misc_feat_five,
          kennysheep_generic_room_10, uniq_prince_ribbit1
D:7:      layout_loops_ring, mainiacjoe_overflow_brackets
D:8:      nzn_winding_woodlands_medium [nzn_winding_woodlands_5x5_three,
          nzn_winding_woodlands_5x15_default, nzn_winding_woodlands_5x5_cross,
          nzn_winding_woodlands_5x5_default,
          nzn_winding_woodlands_center_pierced_h,
          nzn_winding_woodlands_5x5_closed_star,
          nzn_winding_woodlands_5x5_open_star,
          nzn_winding_woodlands_5x15_default,
          nzn_winding_woodlands_5x5_perimeter], layout_rooms,
          nicolae_vehumet_altar_sigil, serial_shops, shop, shop,
          nicolae_shop_behind_doors, uniq_joseph, uniq_amaemon
D:9:      kennysheep_blocky_hall, layout_basic
D:10:     layout_rooms, nicolae_overflow_hidden_temple, lemuel_tele_altar,
          grunt_lair_entry_orc_guard_hut
D:11:     minmay_diamond_stairs, layout_basic, uniq_fannar, uniq_psyche
D:12:     layout_irregular_city, orc_0_dummy, grunt_ministairs_6
Temple:   eino_temple_water
Lair:1:   layout_hall_layers, serial_bayou_ford_a, st_stairs_5,
          chequers_serial_rivers_micro_c
Lair:2:   layout_layer_cave, minmay_shoals_entry_lonely_mermaid,
          dummy_spider_entry, roderic_carrion_pond, uniq_nergalle

Skill      XL: |  1  2  3  4  5  6  7  8  9 10 11 |
---------------+----------------------------------+-----
Stealth        | 3 4 5 6 7 8 9 |  9.7
Dodging        | 3 4 5 7 8 9 |  9.1
Conjurations   | 2 3 4 6 7 8 |  8.3
Spellcasting   | 4 5 6 7 9 10 | 10.4
Fire Magic     | 4 5 6 8 9 |  9.0
Shields        | 1 2 3 4 |  4.6
Fighting       | 1 2 3 |  3.6
Invocations    | 1 4 5 |  5.8
Air Magic      | 1 3 |  3.7

Action                   |  1- 3 |  4- 6 |  7- 9 | 10-12 || total
-------------------------+-------+-------+-------+-------++-------
Melee: Unarmed           |     1 |       |       |       ||     1
       Long sword        |    43 |    38 |    40 |    24 ||   145
       Staff             |       |       |       |    21 ||    21
 Cast: Foxfire           |    80 |    69 |    28 |    67 ||   244
       Scorch            |       |    15 |   139 |   231 ||   385
       Flame Wave        |       |       |     8 |     7 ||    15
       Airstrike         |       |       |       |     2 ||     2
  Use: Potion            |     1 |     3 |     4 |     2 ||    10
       Scroll            |       |     6 |     7 |     4 ||    17
 Stab: Sleeping          |     4 |     2 |     2 |       ||     8
       Distracted        |       |       |     1 |       ||     1
Armor: Robe              |    15 |     5 |     7 |    32 ||    59
Dodge: Dodged            |    62 |    17 |    72 |   126 ||   277
Block: Kite shield       |    12 |    32 |    93 |   188 ||   325
